AoeStats
← Morrión

MegaRandom

508467390Analyzed
2v2 RM · 11d ago on Sep 22, 2026· 35m 25s· 4 players
Game mode
Random Map
Map size
Medium (4 player)
Population
200
Speed
Normal
Resources
Standard
Victory
Conquest
Starting age
Dark Age
Ending age
Imperial Age
RankedLock teamsTeams togetherTeam positionsShared explorationLock speedFull tech treeHidden civsTurbo modeCheats
Victory
Defeat
🇪🇸 Random · Spain
1393
+13
🇪🇸 Random · Spain
1393
+13
🇦🇷 Slavs · Argentina
1340
-13
🇦🇷 Random · Argentina
1330
-13
Morrión
7:43 Loom
11:36 Feudal Age
16:22 Castle Age
14:24 Horse Collar
15:23 Double-Bit Axe
16:51 Fletching
20:18 Bow Saw
23:51 Wheelbarrow
23:26 Squires
25:53 Arson
26:23 Scale Mail Armor
26:34 Forging
29:47 Iron Casting
31:27 Scale Barding Armor
32:16 Hand Cart
32:50 Chain Barding Armor
36:03 Chain Mail Armor
38:32 Imperial Age
juanca12
10:17 Feudal Age
16:15 Castle Age
14:55 Double-Bit Axe
15:13 Horse Collar
15:20 Fishing Lines
16:50 Gold Mining
17:34 Loom
18:58 Wheelbarrow
18:30 Fletching
19:42 Bodkin Arrow
21:18 Gillnets
22:16 Padded Archer Armor
24:34 Clinker Construction
25:32 Hand Cart
26:25 Ballistics
32:31 Imperial Age
31:58 Bow Saw
32:31 Elite Longship
33:34 Bracer
35:06 Conscription
YDRL
2:50 Loom
3:16 Loom
13:41 Feudal Age
14:56 Town Watch
14:56 Fishing Lines
15:27 Gold Mining
16:35 Wheelbarrow
20:02 Castle Age
19:34 Fletching
20:32 Double-Bit Axe
20:29 Horse Collar
21:25 Gold Shaft Mining
20:41 Stone Mining
21:39 Hand Cart
21:53 Bow Saw
22:14 Medium Warships
22:21 Gillnets
24:54 Heavy Plow
26:42 Bodkin Arrow
28:36 Ballistics
31:08 Guard Tower
33:21 Scale Mail Armor
Alastan
8:57 Loom
11:41 Feudal Age
15:47 Castle Age
13:48 Double-Bit Axe
14:46 Horse Collar
17:01 Bow Saw
16:52 Heavy Plow
24:37 Wheelbarrow
24:22 Stone Mining
26:20 Stone Shaft Mining
26:26 Hand Cart
27:20 Sanctity
30:39 Imperial Age
28:28 Masonry
28:38 Ballistics
28:15 Town Watch
28:37 Scale Mail Armor
28:47 Forging
29:52 Heated Shot
29:54 Fletching
30:44 Clinker Construction
30:45 Careening
30:31 Hamask
31:45 Conscription
31:41 Chain Mail Armor
31:22 Bodkin Arrow
31:01 Onager
31:32 Pikeman
32:20 Squires
32:21 Elite Longship
32:38 Capped Ram
32:54 Halberdier
33:40 Siege Ram
34:47 Gambesons
Connection lost

Rejoining the realm…

Still unreachable

The connection could not be restored.

Session expired

The server has moved on; the page needs a fresh start.